 Dungeon Crawl Stone Soup version 0.30-a0-900-g23479c02f2 (webtiles) character file.

Game seed: 6503643810249949498

67 timneilson the Shield-Bearer (level 4, -4/28 HPs)
             Began as a Gargoyle Fighter on Mar 18, 2023.
             Slain by a gnoll
             ... wielding a +0 halberd
              (9 damage)
             ... on level 2 of the Dungeon.
             The game lasted 00:02:14 (1124 turns).

timneilson the Shield-Bearer (Gargoyle Fighter)     Turns: 1124, Time: 00:02:14

Health: -4/28      AC: 13    Str: 20    XL:     4   Next: 18%
Magic:  4/4        EV:  7    Int:  8    God:
Gold:   50         SH:  4    Dex: 11    Spells: 3/3 levels left

rFire   + . .      SeeInvis .    a - +0 long sword
rCold   + . .      Faith    .    c - +0 buckler
rNeg    + . .      Spirit   .    h - +0 chain mail
rPois   ∞          Reflect  .    (no helmet)
rElec   +          Rampage  .    i - scarf {rC+ rF+}
rCorr   +                        (no gloves)
Will    .....                    (no boots) Stlth
                                 (no amulet)
HPRegen 0.24/turn                g - ring of resist corrosion
MPRegen 0.09/turn                (no ring)

@: no status effects
A: sickness immunity, AC +3, negative energy resistance 1, electricity
resistance, torment resistance 1, petrification resistance
a: no special abilities


You were on level 2 of the Dungeon.
You visited 1 branch of the dungeon, and saw 2 of its levels.

You collected 50 gold pieces.

Inventory:

Hand Weapons
 a - a +0 long sword (weapon)
Armour
 c - a +0 buckler (worn)
 h - a +0 chain mail (worn)
 i - a scarf of resistance (worn)
Jewellery
 g - a ring of resist corrosion (left hand)
Potions
 b - a potion of lignification {unknown}
 d - a potion of might
 e - a potion of heal wounds {unknown}
 f - a potion of flight {unknown}
 j - a potion of attraction {unknown}
 k - a potion of invisibility {unknown}


   Skills:
 + Level 3.5 Fighting
 * Level 2.5 Long Blades
 * Level 3.9 Armour
 + Level 0.6 Dodging
 * Level 4.0 Shields


You had 3 spell levels left.
You didn't know any spells.
Your spell library contained the following spells:

 Spells                   Type           Power      Damage    Failure   Level
 Fireball                 Conj/Fire      0%         3d3       100%        5
 Iskenderun's Battlesphe  Conj           0%         2d6       100%        5
 Conjure Ball Lightning   Conj/Air       0%         3x3d6     100%        6
 Orb of Destruction       Conj           0%         9d5       100%        7


Dungeon Overview and Level Annotations

Branches:
Dungeon (2/15)

Altars:


Innate Abilities, Weirdness & Mutations

You are immune to sickness and miasma.
Your stone body is resilient. (AC +3)
You are immune to poison.
You resist negative energy. (rN+)
You are resistant to electric shocks. (rElec)
You are resistant to unholy torment.
You are immune to petrification.


Message History

There is a stone staircase leading down here.
The gnoll shouts!
A ball python comes into view.
Found 9 gold pieces and a spear.
You barely miss the ball python. You block the ball python's attack.
The ball python barely misses you.
You closely miss the ball python.
The ball python bites you but does no damage.
The ball python barely misses you. You block the ball python's attack.
The ball python grabs you. The ball python constricts you.
You hit the ball python but do no damage.
You block the ball python's attack. The ball python constricts you.
The gnoll hits you from afar with a +0 halberd!
The ball python barely misses you. The ball python constricts you.
You hit the ball python.
You kill the ball python!
The gnoll hits you but does no damage. You block the gnoll's attack.
You see here a ball python corpse.
You slash the gnoll!
The gnoll is almost dead.
The gnoll hits you with a +0 halberd! You block the gnoll's attack.
You completely miss the gnoll.
The gnoll is almost dead.
The gnoll hits you with a +0 halberd.
* * * LOW HITPOINT WARNING * * *
You barely miss the gnoll.
The gnoll is almost dead.
The gnoll barely misses you.
You closely miss the gnoll.
The gnoll is almost dead.
The gnoll barely misses you. The gnoll hits you but does no damage.
You closely miss the gnoll.
The gnoll is almost dead.
The gnoll hits you with a +0 halberd.
* * * LOW HITPOINT WARNING * * *
You barely miss the gnoll.
The gnoll is almost dead.
The gnoll hits you with a +0 halberd!
You die...

#..... #.....
#..)..## #
#...$g.# . #.#
....# ## #.##
....##.. #..#
......#
##.#####
.....####
#.g@..#
.......#
#####.### ..#
#.## #.>.# #.#
#..# ###.###
#.####..
#...###.##....
###...........
########....
#.... #....


You could see a gnoll.

Vanquished Creatures
  An adder (D:2)
  2 gnolls (D:1)
  4 dart slugs (D:1)
  2 bats (D:1)
  4 endoplasms
  6 goblins (D:1)
  2 hobgoblins (D:1)
  A ball python (D:2)
  3 frilled lizards
  3 kobolds
  5 rats
33 creatures vanquished.

Notes
Turn   | Place    | Note
-------+----------+-------------------------------------------
     0 | D:1      | timneilson the Gargoyle Fighter began the quest for the
                  | Orb.
     0 | D:1      | Reached XP level 1. HP: 14/14 MP: 1/1
   164 | D:1      | Found a faded altar of an unknown god.
   224 | D:1      | Reached XP level 2. HP: 19/19 MP: 2/2
   622 | D:1      | Reached XP level 3. HP: 23/23 MP: 3/3
   981 | D:2      | Reached skill level 4 in Shields
   981 | D:2      | Reached XP level 4. HP: 21/28 MP: 4/4
  1124 | D:2      | Slain by a gnoll

Illustrated notes

Levels and vault maps discovered:
D:1:      nzn_arrival_crosshair, layout_loops_corners,
          hellmonk_ecumenical_altar_prayer_group
D:2:      layout_rooms, serial_park_tiny_2, uniq_robin, uniq_crazy_yiuf_cottage

Skill      XL: |  1  2  3 |
---------------+----------+-----
Long Blades    | 2 |  2.5
Shields        | 4 |  4.0
Fighting       | |  3.5
Armour         | |  3.9
Dodging        | |  0.6

Action                     |  1- 3 |  4- 6 || total
---------------------------+-------+-------++-------
  Melee: Long sword        |    88 |    26 ||   114
    Use: Scroll            |     2 |       ||     2
 Armour: Scale mail        |     4 |       ||     4
         Chain mail        |    67 |    14 ||    81
  Dodge: Dodged            |    49 |     9 ||    58
  Block: Buckler           |    23 |    13 ||    36

Table legend: (Time is in decaauts)
 A = Elapsed time spent in this place.
 B = Non-inter-level travel time spent in this place.
 C = Inter-level travel time spent in this place.
 D = Time resting spent in this place.
 E = Time spent auto-exploring this place.
 F = Levels seen in this place.
 G = Mean time per level.
                   A        B        C        D        E       F      G
               +--------+--------+--------+--------+--------+-----+--------+
         Total |   1162 |   1110 |     52 |     12 |    808 |   2 |  581.0 |
       Dungeon |   1162 |   1110 |     52 |     12 |    808 |   2 |  581.0 |
               +--------+--------+--------+--------+--------+-----+--------+

Top non-repeatable levels by time:
     D:1: 991 daAuts
     D:2: 171 daAuts
